 Dungeon Crawl Stone Soup version 0.25-a0-35-g747a2b3c0c (webtiles) character file.

Game seed: 4500759310112219789, levelgen mode: deterministic

184 Arixos the Skirmisher (level 5, -2/42 HPs)
             Began as a Demonspawn Monk on Oct 19, 2019.
             Slain by a scorpion (3 damage)
             ... on level 3 of the Dungeon.
             The game lasted 00:08:00 (2668 turns).

Arixos the Skirmisher (Demonspawn Monk)             Turns: 2668, Time: 00:08:00

Health: -2/42      AC:  4    Str: 12    XL:     5   Next: 36%
Magic:  5/5        EV: 14    Int: 11    God:
Gold:   133        SH:  0    Dex: 16    Spells: 4/4 levels left

rFire    + . .     SeeInvis .   i - +3 whip
rCold    + . .     Gourm    .   (no shield)
rNeg     . . .     Faith    .   a - +0 robe
rPois    +         Spirit   .   n - +0 helmet
rElec    +         Reflect  .   c - +0 cloak
rCorr    +         Harm     .   (no gloves)
MR       .....                  (boots unavailable)
Stlth    ++........             (no amulet)
HPRegen  0.14/turn              (no ring)
MPRegen  0.09/turn              (no ring)

@: lethally poisoned (-2 -> -10), resistant
A: talons 3
a: no special abilities


You were on level 3 of the Dungeon.
You were not hungry.

You visited 1 branch of the dungeon, and saw 3 of its levels.

You collected 133 gold pieces.

Inventory:

Hand Weapons
 i - a +3 whip (weapon)
Missiles
 q - 6 poisoned darts (quivered)
Armour
 a - a +0 robe (worn)
 c - a +0 cloak (worn)
 n - a +0 helmet (worn)
Scrolls
 e - 2 scrolls of identify
 f - 2 scrolls of fear {unknown}
 j - 3 scrolls of remove curse {unknown}
 k - 2 scrolls of enchant armour
 o - a scroll of teleportation {unknown}
Potions
 h - a potion of invisibility {unknown}
 l - a potion of degeneration {unknown}
 m - a potion of heal wounds {unknown}
 p - a potion of haste {unknown}
Comestibles
 b - 6 rations
 g - 13 chunks of flesh


   Skills:
 + Level 4.2 Fighting
 + Level 2.5 Armour
 + Level 3.8 Dodging
 - Level 2.0 Stealth
 - Level 2.6 Unarmed Combat


You had 4 spell levels left.
You didn't know any spells.
Your spell library was empty.

Dungeon Overview and Level Annotations

Branches:
Dungeon (3/15)

Altars:


Innate Abilities, Weirdness & Mutations

You have claws for feet.


Message History

The scorpion barely misses you.
You barely miss the scorpion. Your kick misses the scorpion.
The scorpion is moderately wounded.
The scorpion stings you.
* * * LOW HITPOINT WARNING * * *
You are lethally poisoned!
The scorpion poisons you!
It was a potion of resistance.
You feel protected.
* * * LOW HITPOINT WARNING * * *
You feel sick. The scorpion barely misses you.
As you read the scroll labeled GIOMEWY OBBEER, it crumbles to dust.
It is a scroll of identify.
Really abort (and waste the scroll)?
Uppercase [Y]es or [N]o only, please.
Really abort (and waste the scroll)?
k - 2 scrolls of enchant armour
* * * LOW HITPOINT WARNING * * *
You feel sick. The scorpion stings you.
You die...

%..............
#................
#...............#..
##...............#.#
............s...#..
.................
#..............##
#.###>.........####
#.@#....<......[.<.
##.s...#.........#
###...##.>....##.#
##..........>..#
...##..#..###......#
...................####.
...#####.##.............
. ##)##...#..รท......
##..##.#.#....#....


You could see a scorpion.

Vanquished Creatures
  A hound (D:2)
  4 adders
  A gnoll (D:1)
  2 oozes
  4 worms (D:2)
  3 dart slugs
  3 leopard geckos
  3 orcs (D:3)
  3 ball pythons (D:1)
  2 giant cockroaches
  4 goblins
  8 hobgoblins
  4 jackals
  2 quokkas (D:2)
  9 bats
  7 frilled lizards
  14 kobolds
  7 rats
81 creatures vanquished.

Notes
Turn   | Place    | Note
-------+----------+-------------------------------------------
     0 | D:1      | Arixos the Demonspawn Monk began the quest for the Orb.
     0 | D:1      | Reached XP level 1. HP: 18/18 MP: 1/1
   275 | D:1      | Gained mutation: You have sharp toenails. [demonic
                  | ancestry]
   275 | D:1      | Reached XP level 2. HP: 23/24 MP: 2/2
   411 | D:1      | Reached skill level 1 in Armour
   464 | D:1      | Gained mutation: You have razor-sharp toenails. [demonic
                  | ancestry]
   464 | D:1      | Reached XP level 3. HP: 26/29 MP: 3/3
  1193 | D:2      | Gained mutation: You have claws for feet. [demonic
                  | ancestry]
  1193 | D:2      | Reached XP level 4. HP: 24/37 MP: 4/4
  1632 | D:2      | Reached skill level 4 in Fighting
  2021 | D:2      | Reached XP level 5. HP: 39/42 MP: 5/5
  2667 | D:3      | HP: 2/42 [poisoned by a scorpion]
  2668 | D:3      | Slain by a scorpion

Levels and vault maps discovered:
D:1:      giann_horns, layout_loops_ring, minmay_close_crescents
D:2:      minmay_razor_zed, layout_basic, first_ration, minmay_diced_spiral
D:3:      layout_rooms, amethyst_overflow_temple_binary,
          kennysheep_generic_room_14, uniq_grinder

Skill      XL: |  1  2  3  4 |
---------------+-------------+-----
Stealth        | 2 |  2.0
Dodging        | 3 |  3.8
Armour         | 1 2 |  2.5
Fighting       | 4 |  4.2
Unarmed Combat | |  2.6

Action                   |  1- 3 |  4- 6 || total
-------------------------+-------+-------++-------
Melee: Unarmed           |   114 |     6 ||   120
       Punch             |     1 |     3 ||     4
       Kick              |    25 |    29 ||    54
       Whip              |       |   115 ||   115
  Use: Scroll            |       |     1 ||     1
       Potion            |       |     1 ||     1
 Stab: Sleeping          |     3 |     4 ||     7
  Eat: Chunk             |     1 |     5 ||     6
Armor: Robe              |    22 |    22 ||    44
Dodge: Dodged            |    76 |    92 ||   168

Table legend:
 A = Non-vault XP
 B = Vault XP
 C = Vault XP percentage of total XP
 D = Non-vault monster count
 E = Vault monster count
 F = Vault count percentage of total count
                 A         B        C        D         E       F
            +---------+---------+-------+---------+---------+-------
      Total |     193 |      70 |  26.6 |      59 |      22 |  27.2
            +---------+---------+-------+---------+---------+-------
        D:1 |      65 |       7 |   9.7 |      31 |       3 |   8.8
        D:2 |      78 |      63 |  44.7 |      18 |      19 |  51.4
        D:3 |      50 |       0 |   0.0 |      10 |       0 |   0.0
            +---------+---------+-------+---------+---------+-------
